 Dungeon Crawl Stone Soup version 0.26.1-11-gd32895ea62 (webtiles) character file.

Game seed: 5548432681965404002

4 MajorAdolf the Magician (level 1, -1/15 HPs)
             Began as a Naga Wanderer on July 22, 2021.
             Slain by a hobgoblin
             ... wielding a +0 club
              (5 damage)
             ... on level 1 of the Dungeon.
             The game lasted 00:01:47 (382 turns).

MajorAdolf the Magician (Naga Wanderer)              Turns: 382, Time: 00:01:48

Health: -1/15      AC:  1    Str: 16    XL:     1   Next: 60%
Magic:  0/4        EV:  9    Int: 12    God:
Gold:   8          SH:  0    Dex:  8    Spells: 5/6 levels left

rFire    . . .     SeeInvis +   (no weapon)
rCold    . . .     Faith    .   (no shield)
rNeg     . . .     Spirit   .   d - +0 robe
rPois    +         Reflect  .   (no helmet)
rElec    .         Harm     .   (no cloak)
rCorr    .         Rampage  .   (no gloves)
Will     .....                  (no barding)
Stlth    +.........             (no amulet)
HPRegen  0.05/turn              (no ring)
MPRegen  0.09/turn              (no ring)

@: short of breath, very slow
A: large, see invisible, deformed body, poison resistance, slowness 2, spit
poison 1, AC +0
a: Spit Poison


You were on level 1 of the Dungeon.
You visited 1 branch of the dungeon, and saw 1 of its levels.

You collected 8 gold pieces.

Inventory:

Armour
 d - a +0 robe (worn)
Scrolls
 a - 2 scrolls of identify {unknown}
 c - a scroll of teleportation


   Skills:
 - Level 1.5 Stealth
 - Level 1.0 Shields
 + Level 3.0 Spellcasting
 - Level 2.0 Hexes
 + Level 2.2 Fire Magic
 - Level 1.3 Poison Magic


You had 5 spell levels left.
You knew the following spells:

 Your Spells              Type           Power        Failure   Level
a - Foxfire               Conj/Fire      16%          16%         1

Your spell library contained the following spells:

 Spells                   Type           Power        Failure   Level
 Inner Flame              Hex/Fire       6%           30%         3
 Passwall                 Tmut/Erth      0%           36%         2
 Wereblood                Tmut           1%           36%         2
 Conjure Flame            Conj/Fire      4%           43%         3
 Sticky Flame             Conj/Fire      4%           83%         4
 Fireball                 Conj/Fire      2%           99%         5


Dungeon Overview and Level Annotations

Branches:
Dungeon (1/15)

Altars:


Innate Abilities, Weirdness & Mutations

You cannot wear boots.
Your serpentine skin is tough. (AC +0)
You have supernaturally acute eyesight. (SInv)
Armour fits poorly on your strangely shaped body.
Your system is resistant to poisons. (rPois)
You cover ground very slowly.
You can spit poison.


Message History

The hobgoblin hits you but does no damage.
Casting: Foxfire (safe; 16% risk of failure)
Confirm with . or Enter, or press ? or * to list all spells.
You conjure some foxfire!
The foxfire hits the hobgoblin but does no damage.
The hobgoblin is lightly wounded.
The foxfire hits the hobgoblin.
The hobgoblin is heavily wounded.
The hobgoblin closely misses you.
Press: ? - help, Shift-Dir - straight line, f - hobgoblin
Aim: a hobgoblin, wielding a +0 club (heavily wounded)
The splash of poison hits the hobgoblin but does no damage.
The hobgoblin is poisoned.
The hobgoblin is heavily wounded.
The hobgoblin hits you with a +0 club.
* * * LOW HITPOINT WARNING * * *
Casting: Foxfire (safe; 16% risk of failure)
Confirm with . or Enter, or press ? or * to list all spells.
You conjure some foxfire!
The hobgoblin hits you with a +0 club.
You die...

.. ......# #.#.## ..... ...
..#.... ....####....
#..#..#..# #........#
#.#..#..# ###).......
#...?...# #......#.#######
#..#.#.####........)......
#.........#.....#..#####
#........v#..#'###.###
##......g@..##.# #...#####
##......v.####'# ###.#....
...............#.#..##.#....
..##..........##'##.........
# #.......#####...#####.....
#.......'.'.'.<.'.+.'.....
....####.#####...#####.....
#.#. #.# ###'##......... #.#
#.# #.#.#.....#####


You could see a hobgoblin (poisoned).

Vanquished Creatures
  3 hobgoblins (D:1)
3 creatures vanquished.

Vanquished Creatures (others)
  18 foxfires (D:1)
18 creatures vanquished.

Grand Total: 21 creatures vanquished

Notes
Turn   | Place    | Note
-------+----------+-------------------------------------------
     0 | D:1      | MajorAdolf the Naga Wanderer began the quest for the Orb.
     0 | D:1      | MajorAdolf set off with the following items: a +0 club, a
                  | scroll of teleportation, a +0 robe; and the following spell
                  | memorised: Foxfire; and the following spells available to
                  | memorise: Inner Flame, Passwall, Wereblood, Conjure Flame,
                  | Sticky Flame, Fireball
     0 | D:1      | Reached XP level 1. HP: 15/15 MP: 4/4
   382 | D:1      | Slain by a hobgoblin

Illustrated notes

Levels and vault maps discovered:
D:1:      minmay_arrival_doors, layout_rooms, st_stairs_14, chequers_jeans,
          lemuel_flame_loot_1

Action                   || total
-------------------------++-------
 Cast: Foxfire           ||    10
 Abil: Spit Poison       ||     2
Armor: Robe              ||     1
Dodge: Dodged            ||     1
